 Dungeon Crawl Stone Soup version 0.31.0-32-g396128a36d (webtiles) character file.

Game seed: 10808392310934837876

60 Kimikox the Trooper (level 3, 0/33 HPs)
             Began as a Draconian Berserker on Mar 25, 2024.
             Was an Initiate of Yredelemnul.
             Slain by a black bear (5 damage)
             ... created by the rage of Trog
             ... on level 3 of the Dungeon.
             The game lasted 00:13:32 (2379 turns).

Kimikox the Trooper (Draconian Berserker)           Turns: 2379, Time: 00:13:35

Health: 0/33       AC:  5    Str: 19    XL:     3   Next: 82%
Magic:  3/3        EV: 12    Int:  7    God:    Yredelemnul [......]
Gold:   221        SH:  0    Dex: 12    Spells: 2/2 levels left

rFire   . . .        a - +0 falchion
rCold   . . .        i - orb {*Rage}
rNeg    + . .        (body armour unavailable)
rPois   .            (helmet restricted)
rElec   .            (no cloak)
rCorr   .            (no gloves)
SInv    .            (no boots)
Will    .....        (no amulet)
Stlth   +            k - ring of positive energy
HPRegen 0.25/turn    (no ring)
MPRegen 0.08/turn

%: random rage (20%)
@: on berserk cooldown, slowed, very slow
A: AC +5, unfitting armour, cold-blooded
a: Renounce Religion, Recall Undead Harvest


You were on level 3 of the Dungeon.
You worshipped Yredelemnul.
Yredelemnul was noncommittal.
You visited 1 branch of the dungeon, and saw 3 of its levels.

You collected 221 gold pieces.

Inventory:

Hand Weapons
 a - a +0 falchion (weapon)
Armour
 i - an orb of wrath (worn)
 j - an orb of energy
Magical Staves
 d - a staff of cold
 t - a staff of air
Jewellery
 k - a ring of positive energy (left hand)
 o - a +6 ring of intelligence
Talismans
 s - a flux talisman
Scrolls
 c - a scroll of summoning {unknown}
 f - a scroll of revelation {unknown}
 g - 3 scrolls of identify {unknown}
 m - a scroll of fog {unknown}
 n - a scroll of poison {unknown}
 q - a scroll of immolation {unknown}
 u - a scroll of amnesia {unknown}
Potions
 b - 2 potions of haste {unknown}
 e - a potion of might {unknown}
 h - a potion of lignification {unknown}
 l - 2 potions of invisibility {unknown}
 p - 2 potions of brilliance {unknown}
 r - a potion of resistance {unknown}


   Skills:
 + Level 4.0 Fighting
 + Level 3.8 Long Blades
 + Level 3.2 Dodging
 + Level 0.2 Stealth


You had 2 spell levels left.
You didn't know any spells.
Your spell library contained the following spells:

 Spells                   Type           Power      Damage    Failure   Level
 Summon Ice Beast         Ice/Summ       0%         N/A       80%         3
 Summon Mana Viper        Hex/Summ       0%         N/A       100%        5
 Monstrous Menagerie      Summ           0%         N/A       100%        7


Dungeon Overview and Level Annotations

Branches:
Dungeon (3/15)

Altars:
Yredelemnul


Innate Abilities, Weirdness & Mutations

Your plain brown scales are hard. (AC +5)
You cannot fit into any form of body armour.
You are cold-blooded and may be slowed by cold attacks.


Message History

The frilled lizard bites something.
Your ball python zombie bites the frilled lizard.
Your ball python zombie constricts the frilled lizard.
The frilled lizard dies!
You see here a +0 club.
You swap places.
You swap places.
You swap places.
Trog sends monsters to punish you.
A polar bear and 3 black bears come into view.
You swap places.
Your ball python zombie barely misses the polar bear.
Your giant cockroach zombie bites the black bear but does no damage. x2
Your ball python zombie bites the polar bear but does no damage. x2
The black bear bites your ball python zombie.
The black bear claws your ball python zombie.
The black bear claws your ball python zombie!
Your ball python zombie is destroyed!
The black bear barely misses your giant cockroach zombie. x2
The black bear completely misses your giant cockroach zombie.
The polar bear completely misses your ball python zombie.
The polar bear claws your ball python zombie. x2
Your giant cockroach zombie bites the black bear.
Your ball python zombie bites the polar bear but does no damage.
The black bear bites your giant cockroach zombie.
The black bear claws your giant cockroach zombie.
Your giant cockroach zombie is destroyed!
The black bear bites your ball python zombie.
Your ball python zombie is destroyed!
The black bear bites you but does no damage.
The black bear barely misses you. The black bear closely misses you.
The black bear attacks as it pursues you!
The black bear bites you! The black bear barely misses you.
The black bear claws you. The black bear bites you. The black bear claws you.
The black bear closely misses you. The black bear bites you!
* * * LOW HITPOINT WARNING * * *
The black bear claws you but does no damage.
The black bear claws you.
You die...
Your body rises from the dead as a mindless zombie.

#. #.# .. #.# #. #.#
#..#### #.# #....# #.# #
####.######.#
###.###........##.#
......#.....h..##.######
...........hh@.........#
......#.....h...#.####.#
..... #.....).....# .###
#........#..#
##########).# ##..# #..#
#...


You could see a polar bear (berserk) and 3 black bears.

Vanquished Creatures
  2 adders
  6 ball pythons
  2 bats
  3 endoplasms
  4 giant cockroaches
  A goblin (D:2)
  2 hobgoblins
  6 jackals
  2 quokkas
  5 frilled lizards
  3 kobolds
  A rat (D:1)
37 creatures vanquished.

Vanquished Creatures (collateral kills)
  2 frilled lizards (D:3)
2 creatures vanquished.

Vanquished Creatures (others)
  2 ball python zombies (D:3)
  A giant cockroach zombie (D:3)
3 creatures vanquished.

Grand Total: 42 creatures vanquished

Notes
Turn   | Place    | Note
-------+----------+-------------------------------------------
     0 | D:1      | Kimikox the Draconian Berserker began the quest for the
                  | Orb.
     0 | D:1      | Reached XP level 1. HP: 19/19 MP: 1/1
   160 | D:1      | Reached XP level 2. HP: 24/26 MP: 2/2
   857 | D:1      | Reached ** piety under Trog
  1113 | D:2      | Reached XP level 3. HP: 27/33 MP: 3/3
  1180 | D:2      | Reached skill level 4 in Fighting
  1586 | D:2      | Found a basalt altar of Yredelemnul.
  1606 | D:2      | Fell from the grace of Trog
  1606 | D:2      | Became a worshipper of Yredelemnul the Dark
  2375 | D:3      | Noticed a polar bear
  2375 | D:3      | Noticed a black bear
  2375 | D:3      | Noticed a black bear
  2375 | D:3      | Noticed a black bear
  2379 | D:3      | Slain by a black bear

Illustrated notes

Levels and vault maps discovered:
D:1:      doesnt_arrival_eight_statues, layout_loops_corners,
          dreamdust_ecumenical_altar_hidden_monk_grotto, minmay_tromino_v4_a
D:2:      layout_basic, basic_altar, serial_bayou_lagoon_a
D:3:      layout_basic

Skill      XL: |  1  2  3 |
---------------+----------+-----
Dodging        | 3 |  3.2
Fighting       | 4 |  4.0
Long Blades    | |  3.8
Stealth        | |  0.2

Action                     || total
---------------------------++-------
  Melee: Falchion          ||   116
         Tailslap          ||     9
 Armour: Skin              ||    78
  Dodge: Dodged            ||    82
